[Event "5th Cesme Open 2017"]
[Site "Cesme"]
[Date "2017.06.15"]
[Round "6.20"]
[White "Kocak, Can"]
[Black "Rzayev, Askar Aliakbar"]
[Result "0-1"]
[ECO "B26"]
[WhiteElo "1930"]
[BlackElo "2082"]
[Annotator "NA"]
[PlyCount "94"]
[EventType "swiss"]
[EventCountry "TUR"]
[SourceTitle "playchess.com"]
[Source "ChessBase"]
[SourceQuality "1"]
[TimeControl "5400+30"]

1. e4 c5 2. Nc3 Nc6 3. g3 g6 4. Bg2 Bg7 5. d3 d6 6. Be3 Rb8 7. Nge2 Nd4 {[%emt 0:00:30] LiveBook: 25 Games} 8. Qd2 {[%emt 0:00:00] B26: Closed Sicilian: 3 g3, lines with early Be3} (8. O-O e6 9. Qd2 Ne7 10. Rab1 Nec6 11. a3 O-O 12. b4 cxb4 13. axb4 b5 14. Nxd4 Nxd4 15. Ne2 Nxe2+ 16. Qxe2 a5 17. bxa5 Qxa5 {½-½ (36) Roy Chowdhury,S (2444)-Solodovnichenko,Y (2571) New Delhi 2009}) 8... Bg4 9. Ng1 Qb6 $146 ({Predecessor:} 9... b5 10. h3 Bd7 11. Nd1 b4 12. c3 bxc3 13. bxc3 Nc6 14. Ne2 Qc8 {0-1 (30) Kulhanek,T (2346)-Plat,V (2445) Nachod 2013}) 10. Rb1 Qa5 11. h3 Bd7 12. Nge2 b5 13. a3 h5 14. f4 e6 ({Black should play} 14... Rc8 $11) 15. O-O (15. b4 $5 Qxa3 {[#]} 16. e5 $1 dxe5 17. fxe5 Bxe5 18. Ne4 Nxe2 19. Kxe2 $14) 15... Ne7 16. Rbe1 (16. b4 $14 Qc7 17. bxc5 Qxc5 18. Kh2) 16... b4 17. axb4 Qxb4 18. b3 a5 19. Kh1 Nxe2 20. Nxe2 Qxd2 21. Bxd2 a4 22. Bc3 (22. bxa4 $11 Rb2 23. Bc3 Bxc3 24. Nxc3) 22... Bxc3 23. Nxc3 axb3 24. Rb1 b2 ({Better is} 24... Nc6 $17 25. Rxb3 Rxb3 26. cxb3 h4) 25. Nd1 Nc6 26. Nxb2 Nd4 27. Nc4 Ke7 28. Ne3 Ba4 29. Ra1 (29. Rfc1 $15) 29... Nxc2 30. Nxc2 Bxc2 31. Ra7+ Kf6 32. e5+ dxe5 33. fxe5+ Kxe5 34. Raxf7 Rb1 35. Rxb1 Bxb1 36. Rc7 Bxd3 37. Rxc5+ Kd4 38. Rc6 Bf5 39. Kg1 Rb8 40. Rd6+ {[%emt 0:00:21] [#]} Ke3 $1 41. Ra6 Rb1+ 42. Kh2 Rb2 43. Ra4 $2 (43. Kg1 {is a better chance.}) 43... e5 44. g4 hxg4 45. hxg4 Bc2 46. Ra3+ Kf4 $2 (46... Kd2 $19 {is more deadly.} 47. Rf3 e4 48. Rf2+ Ke1 49. Rf1+ Ke2) 47. Ra5 $19 (47. Rf3+ $11 Kg5 48. Rf2) 47... Be4 0-1

[Event "5th Cesme Open 2017"]
[Site "Cesme"]
[Date "2017.06.15"]
[Round "6.21"]
[White "Barik, Ertunc Bahadir"]
[Black "Ersoy, Bora"]
[Result "1-0"]
[ECO "D55"]
[WhiteElo "1538"]
[BlackElo "1675"]
[Annotator "NA RC"]
[PlyCount "119"]
[EventType "swiss"]
[EventCountry "TUR"]
[SourceTitle "playchess.com"]
[Source "ChessBase"]
[SourceQuality "1"]
[TimeControl "5400+30"]

1. c4 e6 2. Nc3 d5 3. d4 Nf6 4. Bg5 Be7 5. Nf3 O-O 6. e3 b6 7. cxd5 Nxd5 8. Bxe7 Qxe7 9. Nxd5 exd5 10. Be2 Bb7 11. Rc1 c6 12. Qa4 Nd7 13. O-O Rfc8 14. Ba6 b5 15. Qa5 Rab8 16. Bxb7 Rxb7 17. Qa6 Nb6 18. b3 Rbc7 19. Qa5 Qd6 20. a3 f6 21. Qb4 Qxb4 22. axb4 Re7 23. Rc2 Kf7 24. Rfc1 Rec7 25. Ra1 Ke7 26. Ne1 Kd6 27. Nd3 Nd7 28. Nc5 Nxc5 29. bxc5+ Ke6 30. b4 Rb8 31. f3 Rd8 32. Kf2 h5 33. Rd2 Kf5 34. g3 g5 35. h3 Re8 36. Re2 g4 37. hxg4+ hxg4 38. Rh1 gxf3 39. Kxf3 Rce7 40. Rh4 Re4 41. Rh7 R4e7 42. Rxe7 Rxe7 43. g4+ Ke6 44. Ra2 Kf7 45. Ra6 Rc7 46. e4 dxe4+ 47. Kxe4 Re7+ 48. Kf5 Rc7 49. d5 cxd5 50. Rxf6+ Kg7 51. Rd6 a5 52. c6 Kg8 53. bxa5 b4 54. Rd8+ Kf7 55. Rd7+ Rxd7 56. cxd7 Ke7 57. a6 b3 58. a7 b2 59. d8=Q+ Kxd8 60. a8=Q+ 1-0

[Event "5th Cesme Open 2017"]
[Site "Cesme"]
[Date "2017.06.15"]
[Round "6.22"]
[White "Rahmani, Jamshid"]
[Black "Tokat, Nehir"]
[Result "0-1"]
[ECO "A48"]
[WhiteElo "1692"]
[BlackElo "1493"]
[Annotator "NA RC"]
[PlyCount "210"]
[EventType "swiss"]
[EventCountry "TUR"]
[SourceTitle "playchess.com"]
[Source "ChessBase"]
[SourceQuality "1"]
[TimeControl "5400+30"]

1. d4 Nf6 2. Nf3 g6 3. Bg5 Bg7 4. e3 d6 5. Bd3 O-O 6. O-O c5 7. c3 h6 8. Bh4 Qb6 9. Qb3 Nc6 10. Nbd2 Be6 11. Qc2 cxd4 12. exd4 Rac8 13. Qb1 Nh5 14. Re1 g5 15. Bg3 Bg4 16. d5 Nxg3 17. dxc6 Nh5 18. Rxe7 bxc6 19. Qc2 Bf6 20. Re4 Bd7 21. Rae1 c5 22. R4e3 g4 23. Nc4 Qc7 24. Nfd2 Bg5 25. R3e2 d5 26. Ne5 Nf4 27. Nxd7 Nxe2+ 28. Rxe2 Qxd7 29. Bf5 Qb5 30. c4 dxc4 31. Bxc8 c3 32. Bxg4 cxd2 33. Rxd2 Bxd2 34. Qxd2 Qb4 35. Qe2 Qf4 36. g3 Qd4 37. Bf5 Rd8 38. Bc2 a5 39. Qh5 Qf6 40. Qxc5 Rd2 41. a3 Rd6 42. b4 Rc6 43. Qf5 Qxf5 44. Bxf5 axb4 45. axb4 Rb6 46. h4 Rxb4 47. Kg2 Kg7 48. f4 h5 49. Kf3 Rb3+ 50. Kf2 Kf6 51. Bd7 Rd3 52. Bb5 Rd5 53. Bc6 Ra5 54. Kf3 Ra3+ 55. Kf2 Ra2+ 56. Kf3 Rc2 57. Be4 Rc3+ 58. Kf2 Ra3 59. Bd5 Ke7 60. Kg2 f6 61. Bf3 Ra5 62. Kf2 Ke6 63. Ke3 Ra3+ 64. Kf2 Ra5 65. Bc6 Kd6 66. Be8 Rc5 67. Bg6 Ra5 68. Bf7 Ke7 69. Bg6 Ke6 70. Kf3 Ra3+ 71. Kg2 Ra5 72. Kh3 Kd6 73. Bf7 Ke7 74. Bc4 Kd6 75. Be2 Ke6 76. Bf3 Kd6 77. Kg2 Ra2+ 78. Kf1 Ra5 79. Ke2 Ke6 80. Be4 Ra2+ 81. Ke3 Ra3+ 82. Kf2 Ra2+ 83. Kf3 Ra3+ 84. Kg2 Ra5 85. Bc6 Kf5 86. Bf3 Ke6 87. g4 hxg4 88. Bxg4+ f5 89. Bf3 Kf6 90. h5 Kg7 91. Bc6 Kf8 92. Kg3 Rc5 93. Bd7 Kg7 94. Be8 Kh6 95. Kf3 Ra5 96. Ke3 Rc5 97. Kd4 Ra5 98. Kc4 Ra1 99. Bg6 Ra4+ 100. Kd5 Rxf4 101. Ke5 Kg5 102. Ke6 Rf1 103. Kf7 Rh1 104. Kg7 Rxh5 105. Kf7 Rh6 0-1

[Event "5th Cesme Open 2017"]
[Site "Cesme"]
[Date "2017.06.15"]
[Round "6.23"]
[White "Ulas, Uygar"]
[Black "Oymanli, Veli"]
[Result "1/2-1/2"]
[ECO "A11"]
[WhiteElo "1518"]
[BlackElo "1526"]
[Annotator "NA RC"]
[PlyCount "121"]
[EventType "swiss"]
[EventCountry "TUR"]
[SourceTitle "playchess.com"]
[Source "ChessBase"]
[SourceQuality "1"]
[TimeControl "5400+30"]

1. c4 g6 2. g3 Bg7 3. Bg2 c6 4. Nc3 e6 5. Nf3 d5 6. d4 Ne7 7. c5 O-O 8. O-O Nd7 9. Bf4 f6 10. Bd6 Rf7 11. Bh3 Nf8 12. e4 Bd7 13. e5 h6 14. Ne2 f5 15. Nd2 g5 16. f4 g4 17. Bg2 h5 18. h3 Neg6 19. Qb3 Bc8 20. Kf2 b5 21. cxb6 axb6 22. Rh1 Ra5 23. hxg4 hxg4 24. Rac1 Bb7 25. Rh5 Rb5 26. Qe3 Rxb2 27. Nc3 Qa8 28. a4 Qa5 29. Ba3 Rxd2+ 30. Qxd2 c5 31. Rb1 Bc6 32. Qe3 c4 33. Bb4 Qa6 34. a5 Rb7 35. Bxf8 Nxf8 36. Bxd5 Bxd5 37. Nxd5 exd5 38. Rxf5 Qxa5 39. Re1 Qa2+ 40. Re2 Qb1 41. Rg5 Ra7 42. e6 Ra1 43. Rxg7+ Kxg7 44. Qe5+ Kg8 45. Qg5+ Kh8 46. Qf6+ Kg8 47. Qf7+ Kh8 48. Qxf8+ Kh7 49. Qf7+ Kh6 50. Qf6+ Kh7 51. Qh4+ Kg7 52. Qxg4+ Kh7 53. Qh5+ Kg7 54. Qf7+ Kh6 55. Qf6+ Kh7 56. Qh4+ Kg7 57. Qg5+ Kh7 58. Qh4+ Kg7 59. Qg4+ Kh7 60. Qh4+ Kg7 61. Qh7+ 1/2-1/2

[Event "5th Cesme Open 2017"]
[Site "Cesme"]
[Date "2017.06.15"]
[Round "6.24"]
[White "Vatansever, Samet"]
[Black "Kuyucuogullari, Cagakan"]
[Result "0-1"]
[ECO "D46"]
[WhiteElo "1432"]
[BlackElo "1505"]
[Annotator "NA RC"]
[PlyCount "132"]
[EventType "swiss"]
[EventCountry "TUR"]
[SourceTitle "playchess.com"]
[Source "ChessBase"]
[SourceQuality "1"]
[TimeControl "5400+30"]

1. d4 Nf6 2. Nf3 d5 3. c4 e6 4. Nc3 c6 5. e3 Nbd7 6. Bd3 Be7 7. O-O O-O 8. Qc2 Re8 9. cxd5 exd5 10. Rb1 a5 11. Bd2 Bf8 12. a3 g6 13. b4 axb4 14. axb4 Qe7 15. b5 c5 16. dxc5 Nxc5 17. Nd4 Bd7 18. Be2 Rec8 19. Qd1 Ra3 20. Bf3 Qe5 21. Nce2 Bd6 22. g3 Nd3 23. Rb3 Rxb3 24. Qxb3 Nc5 25. Qb2 Nce4 26. Bb4 Ng5 27. Bg2 Bxb4 28. Qxb4 Nh3+ 29. Bxh3 Bxh3 30. Re1 Rc4 31. Qb1 g5 32. Nf3 Qe4 33. Qxe4 Nxe4 34. Ned4 f6 35. Rd1 Rb4 36. Ne1 Nc3 37. Ra1 Rb2 38. Nd3 Rd2 39. Nb4 Ne4 40. Rf1 Nxf2 41. Nf3 Rb2 42. Nxd5 Ng4 43. Ne7+ Kh8 44. Rd1 Rg2+ 45. Kf1 Rf2+ 46. Ke1 Rxf3 47. Rd8+ Kg7 48. Rd7 Rxe3+ 49. Kd2 Kf8 50. Nf5 Re5 51. Rd8+ Kf7 52. Nd6+ Ke7 53. Nxb7 Rxb5 54. Rh8 Bg2 55. Rxh7+ Ke6 56. Nd8+ Kf5 57. Nf7 Rd5+ 58. Ke2 Kg6 59. Nxg5 Kxg5 60. Rg7+ Kf5 61. Rh7 Ke4 62. Re7+ Ne5 63. h4 Bf3+ 64. Ke1 Ke3 65. Rxe5+ fxe5 66. Kf1 Rd1# 0-1

[Event "5th Cesme Open 2017"]
[Site "Cesme"]
[Date "2017.06.18"]
[Round "9.9"]
[White "Morchiashvili, Bachana"]
[Black "Guseynov, Alihan"]
[Result "1/2-1/2"]
[ECO "E11"]
[WhiteElo "2403"]
[BlackElo "2346"]
[Annotator "ChessBase"]
[PlyCount "91"]
[EventType "swiss"]
[EventCountry "TUR"]
[SourceTitle "playchess.com"]
[Source "ChessBase"]
[SourceQuality "1"]
[TimeControl "5400+30"]

1. d4 Nf6 2. Nf3 e6 3. c4 Bb4+ 4. Nbd2 O-O 5. a3 Be7 6. e4 d6 {[%emt 0:04:30] ]15]} 7. h3 {[%emt 0:12:30] ]15]]} c5 {[%emt 0:07:30] ]15]]} 8. d5 {[%emt 0:04:30] ]15]} b5 {[%emt 0:07:30] ]1]5} 9. dxe6 {[%emt 0:00:30] ]11]} fxe6 {[%emt 0:04:30] ]11]} 10. cxb5 {[%emt 0:01:30] ]111} d5 {[%emt 0:02:30] ]111} 11. Bd3 {[%emt 0:04:30] ]]11} a6 {[%emt 0:12:30] ]]111 [%clk 0:01:59]} 12. bxa6 {[%emt 0:01:30] ]]111 [%clk 0:00:09]} Bxa6 {[%emt 0:09:30] ]]]1 [%clk 0:01:59]} 13. Bxa6 {[%emt 0:00:30] ]]]11 [%clk 0:00:09]} Nxa6 {[%emt 0:00:30] ]]]11 [%clk 0:01:59]} 14. Qe2 {[%emt 0:06:30] [%clk 1:04]1::5 [%clk 0:00:09]} Nxe4 {[%emt 0:12:30] %[clkk [%clk 0:01:59]} 15. Nxe4 {[%emt 0:02:30] %[cl [%clk 0:17:17] 0[l [%clk 0:00:09]} dxe4 {[%emt 0:00:30] %[c [%clk 0:11:52] ][0 [%clk 0:01:59]} 16. Qxe4 {[%emt 0:02:30] ]%[ [%clk 0:16:54] ][ [%clk 0:00:09]} Qd5 {[%emt 0:00:30] ]%[ [%clk 0:11:52]] [%clk 0:01:59]} 17. Qe2 {[%emt 0:02:30] [%clk 0:59] [%clk 0:16:54] %%15 [%clk 0:00:09]} Nb4 {[%emt 0:10:30] %[c [%clk 0:11:52] 0666 [%clk 0:01:59]} 18. O-O {[%emt 0:01:30] %[c [%clk 0:16:54] 006 [%clk 0:00:09]} Nd3 {[%emt 0:00:30] %[ [%clk 0:11:52]]0 [%clk 0:01:59]} 19. Rd1 {[%emt 0:04:30] %% [%clk 0:16:54]]] [%clk 0:00:09]} Nxc1 {[%emt 0:00:30] %% [%clk 0:11:52]]] [%clk 0:01:59]} 20. Raxc1 {[%emt 0:00:00] %% [%clk 0:16:54]]] [%clk 0:00:09]} Qf5 {[%emt 0:00:30] [%clk 0:26] [%clk 0:11:52] %%15 [%clk 0:01:59]} 21. Nd2 {[%emt 0:09:00] % [%clk 0:46:0] % [%clk 0:16:54] Bf6 ([%clk 0:24:0] [%clk 0:11.52] [[ [%clk 0:13:23] lk [%clk 0:00:09]} Bf6 {[%emt 0:00:00] [%clk 0:16.54]% [%clk 0:11:31] Bf [%clk 0:01:59]} 22. Ne4 {[%emt 0:33:07] c [%clk 0:00:09]} Bd4 {[%emt 0:15:29] c [%clk 0:01:59]} 23. Rc2 {[%emt 0:00:30] c [%clk 0:00:09]} Qe5 {[%emt 0:00:30] c [%clk 0:01:59]} 24. Kh1 {[%emt 0:00:30] c [%clk 0:00:09]} Rab8 25. Rdd2 {[%emt 0:00:30] ] [%clk 0:00:40]} Rfc8 {[%emt 0:00:30] ] [%clk 0:01:59]} 26. f3 Rb3 {[%emt 0:00:30] ] [%clk 0:01:59]} 27. f4 {[%emt 0:02:43] ] [%clk 0:00:40]} Qd5 {[%emt 0:04:15] ] [%clk 0:01:59]} 28. Rc3 {[%emt 0:05:12] [%clk 0:04.45] % [%clk 0:00:40]} Rbb8 {[%emt 0:02:19] % [%clk 0:01:59]} 29. Ng5 Qf5 30. Rcc2 Re8 31. Qe4 h6 32. Qxf5 exf5 33. Nf3 Bf6 34. Rxc5 Bxb2 35. a4 Re4 36. Rxf5 Rxa4 37. g3 Ra3 38. Kg2 Bf6 39. g4 Rbb3 40. Rf2 Bd8 41. Kg3 Bh4+ 42. Kxh4 Rxf3 43. Rxf3 Rxf3 44. Kh5 Kh7 45. g5 hxg5 46. Kxg5 1/2-1/2

[Event "5th Cesme Open 2017"]
[Site "Cesme"]
[Date "2017.06.18"]
[Round "9.10"]
[White "Grigoriev, Armen"]
[Black "Arat, Ufuk Sezen"]
[Result "0-1"]
[ECO "A20"]
[WhiteElo "2105"]
[BlackElo "2398"]
[Annotator "NA"]
[PlyCount "85"]
[EventType "swiss"]
[EventCountry "TUR"]
[SourceTitle "playchess.com"]
[Source "ChessBase"]
[SourceQuality "1"]
[TimeControl "5400+30"]

1. c4 {[%emt 0:00:30] ]]%][%} e5 {[%emt 0:23:00] ]]%][%} 2. Nf3 {[%emt 0:00:30] ]]%][%} Nc6 {[%emt 0:00:00] ]%]][%} 3. d4 {[%emt 0:00:00] ]]%][%} e4 {[%emt 0:04:00] ]]%][% A20: English Opening: 1...e5} (3... d6 4. Nc3 g6 5. e3 Bg7 6. Be2 exd4 7. Nxd4 Nxd4 8. exd4 Ne7 9. O-O O-O 10. Re1 Nf5 11. d5 Nd4 12. Bd3 Bd7 13. Ne2 Qh4 {0-1 (46) Rakhmanov,A (2667)-Andreikin,D (2737) Tallinn 2016}) 4. Nfd2 {[%emt 0:00:00] ]]%][%} Nxd4 {[%emt 0:04:30] ]]%]]%} 5. Nxe4 {[%emt 0:00:30] ]]%]]%} Ne6 {[%emt 0:00:30] ]]%]]%} 6. Nbc3 {[%emt 0:00:30] ]%%%]%} g6 $146 {[%emt 0:03:30] ]]%%]%} ({Predecessor:} 6... Be7 7. g3 Nf6 8. Bg2 O-O 9. O-O d6 10. f4 Nxe4 11. Nxe4 {½-½ (57) Arnstam,K-Lundin,E Gothenburg 1964}) 7. e3 {[%emt 0:02:30] ]]%%]%} Bg7 {[%emt 0:03:30] ]]%%%%} 8. Bd2 {[%emt 0:03:30] ]]%%%%} d6 {[%emt 0:00:30] ]]%%%} (8... f5 $5 9. Ng3 $8 Ne7 $11) 9. Be2 {[%emt 0:00:00] ]]%%%%} f5 {[%emt 0:06:30] ]]%%%%} 10. Ng3 {[%emt 0:00:00] ]]%%%} Nf6 {[%emt 0:00:00] ]]%%%%} 11. Rc1 {[%emt 0:01:30] ]]%%%%} h5 {[%emt 0:01:00] ]]%%%} 12. h3 {[%emt 0:00:30] ]]]%%%} O-O {[%emt 0:04:30] ]]]]%%} 13. Qc2 {[%emt 0:11:30] ]]]]%} a5 {[%emt 0:02:30] ]]]]]%} 14. Rd1 {[%emt 0:08:30] ]]]]]%} c6 {[%emt 0:06:30] [%clk 0:37]]615[} 15. Bc1 {[%emt 0:09:30] % [%clk 0:58:0] %%]} Nc5 {[%emt 0:03:30] % [%clk 0:10:53]} 16. Bd3 {[%emt 0:10:30] % [%clk 0:11:13]]} Nfd7 {[%emt 0:04:30] [%clk 0:30] ] [%clk 0:10:53]1} 17. Na4 {[%emt 0:06:30] % [%clk 0:42:0]] [%clk 0:11.01]1} Ne6 {[%emt 0:05:30] [%clk 0:10.53] [%} 18. O-O Ne5 19. b3 {[%emt 0:04:30] [%clk 0:11.01]]} f4 {[%emt 0:04:21] ccl [%clk 0:10:53] 01} 20. exf4 {[%emt 0:07:30] ]] [%clk 0:11:01] 35} Nd4 {[%emt 0:00:01] ccl [%clk 0:10:53] 01 [#]} 21. Qb1 $1 {[%emt 0:00:30] 8] [%clk 0:11:01] 35} Nef3+ $1 22. gxf3 {[%emt 0:01:30] 2] [%clk 0:11:01]} Bxh3 {[%emt 0:02:52] [%clk 0:10.53] [#]} (22... Nxf3+ $14 23. Kg2 Nh4+ 24. Kh1 Bxh3 25. Bxg6 b5) 23. Be4 $1 {[%emt 0:02:30] ]3 [%clk 0:11:01]} (23. Bxg6 {leads to mate.} Nxf3+ 24. Kh1 Qh4 25. Bf7+ Rxf7 26. Qh7+ Kxh7 27. Nf5 Bxf5+ 28. Kg2 Qh3#) 23... h4 {[%emt 0:01:16] [%clk 0:10.53] [#]} 24. Rfe1 {[%emt 0:01:30] 7] [%clk 0:11:01]} ({Better is} 24. Kh2 $1 $16 Bxf1 25. Nxf1) 24... hxg3 {[%emt 0:03:11] ] [%clk 0:10:53]} 25. fxg3 {[%emt 0:00:00] 6 [%clk 0:23:0]] [%clk 0:11.01]} d5 {[%emt 0:00:25] cl [%clk 0:10:53] :0} 26. Kh2 {[%emt 0:06:00] ]1 [%clk 0:11:01] 5} dxe4 {[%emt 0:00:47] cc [%clk 0:10:53] :0} 27. Kxh3 {[%emt 0:00:00] 4 [%clk 0:10:55] .]} exf3 {[%emt 0:01:36] c [%clk 0:11:18] [ [%clk 0:10:53] cc} 28. g4 {[%emt 0:10:07] c} Kf7 29. Kg3 Rh8 {[%emt 0:00:20] ]} 30. Rh1 {[%emt 0:00:18] ]} Bf6 31. g5 {[%emt 0:03:59] [} Bg7 {[%emt 0:02:36] [} 32. Be3 Rxh1 33. Rxh1 Nf5+ 34. Kxf3 Nxe3 35. Kxe3 Qd4+ 36. Kf3 Re8 37. Re1 Rh8 38. Qe4 Qd7 39. f5 gxf5 40. Qe2 {[%emt 0:00:30] [#]} f4 $1 41. g6+ Kf8 42. Ke4 Rh3 43. Nc5 0-1

[Event "5th Cesme Open 2017"]
[Site "Cesme"]
[Date "2017.06.18"]
[Round "9.11"]
[White "Rahmanov, Shahriyar"]
[Black "Bilyap, Enis"]
[Result "1-0"]
[ECO "A46"]
[WhiteElo "2353"]
[BlackElo "2017"]
[Annotator "NA"]
[PlyCount "55"]
[EventType "swiss"]
[EventCountry "TUR"]
[SourceTitle "playchess.com"]
[Source "ChessBase"]
[SourceQuality "1"]
[TimeControl "5400+30"]

1. Nf3 d6 2. d4 Bg4 3. Nbd2 Nf6 {[%emt 0:04:00] ]]%]c} 4. h3 {[%emt 0:12:00] ]]%]c} Bxf3 {[%emt 0:05:30] ]]%]c} 5. Nxf3 {[%emt 0:05:30] ]]%]c} e6 {[%emt 0:07:30] ]]%]c} 6. Qd3 {[%emt 0:12:30] ]]]cc} c6 {[%emt 0:05:30] ]]]]c} 7. e4 {[%emt 0:02:30] ]]]]c} d5 {[%emt 0:06:30] ]]]]c} 8. Nd2 {[%emt 0:17:30] [%clk 0:44]8]115} Be7 {[%emt 0:17:30] % [%clk 0:48:0]15} 9. Be2 {[%emt 0:08:30] %%} dxe4 {[%emt 0:06:30] ]%} 10. Nxe4 {[%emt 0:00:30] ]%} Nbd7 {[%emt 0:03:30] ]%} 11. O-O {[%emt 0:01:30] ]%} O-O {[%emt 0:01:30] ]%} 12. Ng3 {[%emt 0:02:30] [%clk 0:33] ]115} c5 {[%emt 0:07:30] % [%clk 0:31:0]115} 13. dxc5 {[%emt 0:13:30] %} Nxc5 {[%emt 0:01:30] ]%} 14. Qf3 {[%emt 0:00:00] ]%} Qb6 {[%emt 0:10:31] cclk} 15. Rb1 {[%emt 0:01:00] 9]} Rac8 {[%emt 0:06:36] [%clk 0:12.29] ][} 16. Be3 {[%emt 0:07:16] [[ll} Qc6 {[%emt 0:01:37] [[[l} 17. Qxc6 {[%emt 0:01:07] [[[l} Rxc6 {[%emt 0:00:22] [ [%clk 0:12:43] [} 18. Bf3 {[%emt 0:05:56] [[[} Rc7 {[%emt 0:00:54] [%clk 0:11.35] ]} 19. Rfd1 {[%emt 0:01:50] [%} b6 {[%emt 0:01:03] [} 20. Bf4 {[%emt 0:02:06] ]} Rcc8 {[%emt 0:05:19] ]} 21. Ne2 Rfd8 {[%emt 0:01:48] ]} 22. Nd4 {[%emt 0:00:02] ]} Nd5 {[%emt 0:01:31] ]} 23. Bg3 {[%emt 0:00:17] [%clk 0:05.00] ]} Bf6 {[%emt 0:04:09] %} 24. Nb5 Be7 25. Nxa7 $18 Ra8 26. Nc6 Re8 27. Nxe7+ Rxe7 28. c4 1-0

[Event "5th Cesme Open 2017"]
[Site "Cesme"]
[Date "2017.06.18"]
[Round "9.14"]
[White "Bashirli, Nail"]
[Black "Yildiz, Emre"]
[Result "1/2-1/2"]
[ECO "B86"]
[WhiteElo "2345"]
[BlackElo "1998"]
[Annotator "NA"]
[PlyCount "114"]
[EventType "swiss"]
[EventCountry "TUR"]
[SourceTitle "playchess.com"]
[Source "ChessBase"]
[SourceQuality "1"]
[TimeControl "5400+30"]

1. e4 c5 2. Nf3 d6 3. d4 cxd4 4. Nxd4 Nf6 5. Nc3 a6 6. Bc4 e6 7. Bb3 Nbd7 8. Bg5 Nc5 9. O-O Be7 {[%emt 0:00:30] B86: Sicilian Scheveningen/Najdorf: 6 Bc4, without early ...b5} 10. Re1 O-O (10... h6 11. Bh4 Nxb3 12. axb3 g5 13. Bg3 e5 14. Nf5 Nxe4 15. Nxd6+ Qxd6 16. Nxe4 Qxd1 17. Rexd1 {½-½ (43) Grandelius,N (2635)-Vachier Lagrave,M (2785) Gibraltar 2016}) 11. f4 {[%emt 0:10:30] 3.][%clk} Qb6 {[%emt 1:34:28] 3.][%lk} 12. Kh1 $146 {[%emt 0:03:30] 3.][%%lk} ({Predecessor:} 12. e5 dxe5 13. fxe5 Nxb3 14. axb3 Rd8 15. Ra4 Bc5 16. Be3 Nd5 17. Bf2 {0-1 (35) Fell,S (2117)-Hungaski,R (2399) Argentina 2007}) 12... h6 $1 {[%emt 0:00:00] 3.][%%lk} 13. Bxf6 $1 {[%emt 0:00:30] 3.][%ll} Bxf6 {[%emt 0:00:00] 3.[[[%l} 14. e5 {[%emt 0:00:30] 3..[[%l} dxe5 {[%emt 0:00:00] 3..[%%} 15. fxe5 {[%emt 0:00:30] 3..[[%} Bh4 {[%emt 0:00:00] 3...[%} 16. Rf1 $1 {[%emt 0:00:30] 33..%%} Rd8 $2 {[%emt 0:00:00] 33...% [#]} (16... Qc7 $15 {keeps the upper hand.}) 17. Qg4 $2 {[%emt 0:00:30] 33...%} ({White must play} 17. Qh5 $1 $18 Rxd4 18. Rxf7) 17... Bf2 {[%emt 0:00:00] 333..%} (17... Bg5 $11 {keeps the balance.}) 18. Rxf2 {[%emt 0:01:30] 333...} Nxb3 {[%emt 0:00:00] 333... [#]} 19. axb3 $2 {[%emt 0:00:00] 333...} (19. Rxf7 $1 $18 Kxf7 20. Nxb3) 19... Qxd4 {[%emt 0:00:00] ]33...} 20. Qf3 {[%emt 0:06:00] ]333..} Qxe5 {[%emt 0:00:00] ]]33..} 21. Qxf7+ {[%emt 0:00:30] ]]33..} Kh7 {[%emt 0:00:00] ]]]3..} 22. Re2 {[%emt 0:00:30] ]]]3.} Qd4 {[%emt 0:00:00] ]]]].} (22... Qf6 $5 23. Qc7 b5 $14) 23. h3 {[%emt 0:01:30] ]]]].} b5 {[%emt 0:00:00] ]]]]} 24. Qf3 {[%emt 0:03:30] [%clk 1:12]31]9} Ra7 {[%emt 0:00:00] %%%lk} 25. Rd1 {[%emt 0:01:30] [%clk 0:31] ]]9} Qb6 {[%emt 0:00:00] [%clk 0:32]31] [%clk 0:00:50] [%l} 26. Rde1 {[%emt 0:00:30] %[clk [%clk 0:31:0] kk} Rc7 {[%emt 0:00:00] %[clk [%clk 0:00:50] 000} 27. Ne4 {[%emt 0:02:30] %[cl [%clk 0:31:0] 550} Bb7 {[%emt 0:00:00] [%clk 0:00.50] ]55} 28. Qg4 {[%emt 0:02:30] [%clk 0:31] 00]} b4 {[%emt 0:00:00] k [%clk 0:20:0] 8]c [%clk 0:00:50] ::3} 29. Ng5+ $2 {[%emt 0:03:30] ]] [%clk 0:31:0] ]]8} (29. Qh4 $14 {stays ahead.} Re8 30. Ng5+ Kg8 31. Nxe6) 29... hxg5 {[%emt 0:00:00] ]] [%clk 0:00:50] ]]c} 30. Rxe6 {[%emt 0:00:30] ] [%clk 1:03:0] 0]8 [%clk 0:31:0] 0.5 [#]} Bc6 $1 {[%emt 0:00:00] cll [%clk 0:00:50]cl} 31. Qxg5 {[%emt 0:01:30] 33 [%clk 0:31:0] :.. [#]} Qf2 {[%emt 0:00:00] cc [%clk 0:00:50]]c} (31... Rf8 $1 $19 32. Kh2 Kg8) 32. R1e2 {[%emt 0:08:30] 22 [%clk 0:31:0] 055 [#]} Rd1+ $2 {[%emt 0:08:10] ccc [%clk 0:00:50]} (32... Qf8 $1 $17 33. Kh2 (33. Qg3 Rcc8 $17) 33... Rdc8) 33. Kh2 {[%emt 0:00:30] 2]c [%clk 0:31:0] 05.} Qf7 {[%emt 0:00:44] c [%clk 0:00:50] ]} ({Wrong is} 33... Qg1+ $2 34. Kg3 $18) 34. Qh4+ $1 {[%emt 0:12:30] ]] [%clk 0:31:0] 055} Kg8 {[%emt 0:00:30] c [%clk 0:04:02] [%clk 0:00.50]]} 35. R6e3 $2 {[%emt 0:03:30] 3 [%clk 0:31] 044} (35. Qc4 $1 $14 {was forced to keep a grip.}) 35... Bb5 {[%emt 0:02:28] [%clk 0:00.50] 2[} (35... Rb7 $19 {is more deadly.} 36. Re5 Qc7) 36. Rf2 {[%emt 0:02:30] 0 [%clk 0:31:0] 55]} Qg6 {[%emt 0:00:13] [%clk 0:01.57] 2 [%clk 0:00:50]]]} 37. Rg3 {[%emt 0:02:30] ] [%clk 0:31:0] 75} (37. Qxb4 $17 Rf7 38. Ref3 Rxf3 39. Rxf3) 37... Qd6 {[%emt 0:00:40] c [%clk 0:00:50] [%c} 38. Rf4 {[%emt 0:05:30] ]7} Qc5 {[%emt 0:01:27] [c[} ({Not} 38... Rxc2 {[#]} 39. Rxg7+ $3 Kxg7 40. Qg5+ Kh7 41. Qh5+ Kg8 42. Qg5+ Kh8 43. Qh5+ Kg8 44. Qg5+ Kh8 45. Qh5+ Kg8 $11) 39. Rgf3 {[%emt 0:00:30] 5]} Qg1+ 40. Kg3 {[%emt 0:00:30] ]]} Qe1+ 41. Rf2 {[%emt 0:00:30] 00} Qe5 42. Kh2 {[%emt 0:00:30] 5]]} Rd4 {[%emt 0:00:28] ]} 43. Qg3 {[%emt 0:00:30] ]]} Rxf4 {[%emt 0:00:29] ]} 44. Rxf4 {[%emt 0:00:00] 3]]} Qe7 {[%emt 0:00:46] ]} 45. c4 {[%emt 0:00:00] 7]]} bxc3 {[%emt 0:00:07] ]} 46. bxc3 {[%emt 0:00:30] 00]} Bc6 47. Qd3 {[%emt 0:00:30] 99} Bb7 {[%emt 0:00:12] [%clk 0:01.15] 0} 48. b4 {[%emt 0:00:30] ]]} Qg5 {[%emt 0:00:32] c%} 49. Rg4 {[%emt 0:00:30] 1]} Qe5+ {[%emt 0:00:30] c} 50. Kg1 {[%emt 0:00:30] ]5 5 [%clk 0:33:0]} Qe1+ (50... Qxc3 $17 51. Qd8+ Kf7 52. Rf4+ Ke6 53. Qe8+ Re7 54. Qg6+ Kd7 55. Qg4+ Kd6 56. Rd4+ Bd5 57. Qg6+ Re6 58. Qxg7 Qe3+ 59. Kh2 Qe5+ 60. Qxe5+ Kxe5) 51. Kh2 {[%emt 0:00:30] 5} Qe5+ 52. Kg1 {[%emt 0:00:30] 5 [%clk 0:33:0] 1} Rxc3 {[%emt 0:00:59] l} 53. Qd8+ {[%emt 0:00:00] 4} Kf7 54. Qd7+ {[%emt 0:00:00] ]} Kg8 55. Qd8+ {[%emt 0:00:30] 4} Kf7 56. Qd7+ {[%emt 0:01:30] 4} Kg8 57. Qd8+ {[%emt 0:02:30] 3} Kf7 1/2-1/2